 Dungeon Crawl Stone Soup version 0.20-a0-633-gff4aa5c (webtiles) character file.

95 Gorice the Slasher (level 4, -4/35 HPs)
             Began as a Barachian Fighter on Feb 11, 2017.
             Killed by divine providence
             ... invoked by an orc priest
              (13 damage)
             ... on level 3 of the Dungeon.
             The game lasted 00:06:17 (1982 turns).

Gorice the Slasher (Barachian Fighter)              Turns: 1982, Time: 00:06:18

Health: -4/35      AC:  9    Str: 20    XL:     4   Next: 65%
Magic:  4/4        EV:  7    Int:  6    God:
Gold:   105        SH:  0    Dex: 10    Spells: 3/3 levels left

rFire    . . .     SeeInvis .   a - +0 long sword
rCold    . . .     Gourm    .   q - +0 chain mail
rNeg     . . .     Faith    .   (no shield)
rPois    .         Spirit   .   (no helmet)
rElec    .         Reflect  .   (no cloak)
rCorr    .         Harm     .   (no gloves)
MR       .....                  (no boots)
Stlth    ..........             m - amulet of inaccuracy
Regen    0.2/turn               (no ring)
                                k - +2 ring of slaying

@: mighty, drained, slow
A: swims, slowness 1, strong legs 1
a: Hop


You were on level 3 of the Dungeon.
You were not hungry.

You visited 1 branch of the dungeon, and saw 3 of its levels.

You collected 105 gold pieces.

Inventory:

Hand Weapons
 a - a +0 long sword (weapon)
 b - a +0 hunting sling
Missiles
 j - 49 sling bullets
 p - 8 steel javelins
 u - 18 bolts
 Z - 111 stones (quivered)
Armour
 c - a +0 shield
 q - a +0 chain mail (worn)
 s - a +0 scale mail
Jewellery
 k - a +2 ring of slaying (left hand)
 m - an amulet of inaccuracy (around neck)
Scrolls
 l - a scroll of recharging
Potions
 d - a potion of might {!q}
 i - a potion of ambrosia {unknown}
 o - a potion of flight {unknown}
 r - a potion of brilliance {unknown}
 t - a potion of mutation {unknown}
Comestibles
 f - 3 bread rations {!e}
 g - 4 chunks of flesh
 h - 2 royal jellies
 n - a meat ration {!e}


   Skills:
 - Level 3.2(2.4) Fighting
 * Level 4.9(4.0) Long Blades
 + Level 3.6(2.8) Armour
 - Level 3.0(2.1) Shields


You had 3 spell levels left.
You didn't know any spells.

Dungeon Overview and Level Annotations

Branches:
Dungeon (3/15)

Altars:


Innate Abilities, Weirdness & Mutations

You can swim through water.
You cover ground slowly.
You can hop short distances.


Message History

Damage: 2 (max 7)
You hit the orc.
You kill the orc!
You hit the orc.
The orc is lightly wounded.
The orc hits you but does no damage.
You closely miss the orc.
The orc is lightly wounded.
The orc completely misses you.
You closely miss the orc.
The orc is lightly wounded.
The orc hits you but does no damage. The orc hits you with a club.
* * * LOW HITPOINT WARNING * * *
Damage: 3 (max 7)
You barely miss the orc.
The orc is lightly wounded.
The orc hits you but does no damage.
An orc comes into view. It is wielding a hand axe.
You hit the orc.
You kill the orc!
The orc hits you with a hand axe.
* * * LOW HITPOINT WARNING * * *
Damage: 2 (max 7)
You miss the orc. The orc barely misses you.
You riposte.
You miss the orc. The orc hits you but does no damage.
You hit the orc.
The orc is moderately wounded.
The orc hits you with a hand axe.
* * * LOW HITPOINT WARNING * * *
The orc hits you but does no damage.
Damage: 1 (max 7)
You closely miss the orc.
The orc is moderately wounded.
The orc hits you but does no damage. x3
The orc hits you but does no damage.
An orc wizard comes into view. It is wielding a dagger.
An orc priest comes into view.
The orc wizard shouts!
You hear a shout! x2
The orc hits you but does no damage.
An orc comes into view. It is wielding a flail.
As you read the scroll labeled ESEONW QAPU, it crumbles to dust.
You feel as if something is helping you.
It was a scroll of remove curse.
The orc hits you but does no damage. x2
Really quaff
d - 2 potions of might {!q}?
You feel very mighty all of a sudden.
The orc wizard hits you but does no damage.
The orc hits you but does no damage.
The orc priest mumbles some strange prayers to Beogh against you.
Beogh smites you!
You die...

#.........#
#.........# ###
#.........# ...
#.........####### #...
#...............# ....
#............)..# ....
#...............##...
#...............##.#
#....@o.........)..###
#....ooo..............
#####'#o##.........###
#)#.##.........# #
#....#.########.).# #
#.####+# ###.# # #
####.# # ######....###
+....'.......


You could see an orc priest, an orc wizard and 3 orcs.

Vanquished Creatures
  A worker ant (D:2)
  2 dart slugs (D:1)
  3 orcs (D:3)
  4 giant cockroaches
  6 goblins
  8 hobgoblins
  5 jackals
  3 quokkas (D:2)
  A ball python (D:1)
  7 bats
  2 frilled lizards
  9 kobolds
  8 rats
59 creatures vanquished.

Notes
Turn   | Place    | Note
-------+----------+-------------------------------------------
     0 | D:1      | Gorice the Barachian Fighter began the quest for the Orb.
     0 | D:1      | Reached XP level 1. HP: 18/18 MP: 1/1
   150 | D:1      | Reached XP level 2. HP: 18/24 MP: 2/2
   159 | D:1      | Reached skill level 3 in Long Blades
   370 | D:1      | Reached XP level 3. HP: 26/29 MP: 3/3
   768 | D:2      | Reached skill level 4 in Long Blades
  1375 | D:2      | HP: 8/29 [worker ant (1)]
  1384 | D:2      | HP: 12/43 [poisoned by a worker ant]
  1385 | D:2      | Reached XP level 4. HP: 15/35 MP: 4/4
  1389 | D:2      | HP: 12/52 [poisoned by a worker ant]
  1394 | D:2      | HP: 10/52 [poisoned by a worker ant]
  1399 | D:2      | HP: 9/52 [poisoned by a worker ant]
  1406 | D:2      | HP: 8/52 [poisoned by a worker ant]
  1414 | D:2      | HP: 4/35 [poisoned by a worker ant]
  1975 | D:3      | HP: 10/35 [orc/hand axe (2)]
  1982 | D:3      | Killed from afar by an orc priest

Vault maps used:
D:1:      co_arrival_square_in_a_square_in_a_square, kennysheep_crisscross
D:2:      serial_curves, eino_curves_04, eino_curves_02
D:3:      first_bread

Skill      XL: |  1  2  3 |
---------------+----------+-----
Long Blades    | 3 4 |  4.9
Fighting       | |  3.2
Armour         | |  3.6
Shields        | |  3.0

Action                   |  1- 3 |  4- 6 || total
-------------------------+-------+-------++-------
Melee: Long sword        |   162 |    99 ||   261
 Fire: Hunting sling     |       |     4 ||     4
 Abil: Hop               |     1 |       ||     1
  Use: Scroll            |     7 |     1 ||     8
       Potion            |     2 |     1 ||     3
  Eat: Chunk             |     2 |     3 ||     5
Armor: Scale mail        |    84 |       ||    84
       Chain mail        |    16 |    85 ||   101
       Skin              |     1 |       ||     1
Dodge: Dodged            |    94 |    33 ||   127
       Rpst.: Long sword |    26 |     6 ||    32

Table legend:
 A = Turns spent in this place as a percentage of turns spent in the entire game.
 B = Non-inter-level travel turns spent in this place as a percentage of non-inter-level travel turns spent in the entire game.
 C = Inter-level travel turns spent in this place as a percentage of turns spent in this place.
 D = Turns resting spent in this place as a percentage of non-inter-level travel turns spent in this place.
 E = Turns spent auto-exploring this place as a percentage of non-inter-level travel turns spent in this place.
 F = Non-inter-level travel turns spent in this place divided by the number of levels of this place that you've seen.
                   A       B       C       D       E      F
               +-------+-------+-------+-------+-------+----------------------
         Total | 100.0 | 100.0 |   0.4 |   0.7 |   5.9 | 274.7
       Dungeon | 100.0 | 100.0 |   0.4 |   0.7 |   5.9 | 274.7
               +-------+-------+-------+-------+-------+----------------------

Vault maps used:
D:1:      co_arrival_square_in_a_square_in_a_square, kennysheep_crisscross
D:2:      serial_curves, eino_curves_04, eino_curves_02
D:3:      first_bread
